 Dungeon Crawl Stone Soup version 0.21.1-1-g345015fe64 (webtiles) character file.

85 KleinerIrrer the Chopper (level 4, -2/39 HPs)
             Began as a Naga Gladiator on Apr 15, 2018.
             Slain by a gnoll sergeant
             ... wielding a +3 spear
              (5 damage)
             ... on level 2 of the Dungeon.
             The game lasted 00:00:24 (1415 turns).

KleinerIrrer the Chopper (Naga Gladiator)           Turns: 1415, Time: 00:00:25

Health: -2/39      AC:  4    Str: 18    XL:     4   Next: 48%
Magic:  4/4        EV:  9    Int:  8    God:
Gold:   54         SH:  0    Dex: 12    Spells: 3/3 levels left

rFire    . . .     SeeInvis +   a - +0 war axe
rCold    . . .     Gourm    .   (no shield)
rNeg     . . .     Faith    .   i - +0 ring mail
rPois    +         Spirit   .   c - +0 helmet
rElec    .         Reflect  .   (no cloak)
rCorr    .         Harm     .   (no gloves)
MR       .....                  (no barding)
Stlth    +.........             (no amulet)
HPRegen  0.13/turn              (no ring)
MPRegen  0.09/turn              (no ring)

@: very slow
A: large, see invisible, deformed body, poison resistance, slowness 2, slow
metabolism 1, spit poison 1, AC +1
a: Spit Poison


You were on level 2 of the Dungeon.
You were not hungry.

You visited 1 branch of the dungeon, and saw 2 of its levels.

You collected 54 gold pieces.


Innate Abilities, Weirdness & Mutations

You cannot wear boots.
Your serpentine skin is tough. (AC +1)
You have supernaturally acute eyesight. (SInv)
Armour fits poorly on your strangely shaped body.
Your system is resistant to poisons. (rPois)
You cover ground very slowly.
You have a slow metabolism.
You can spit poison.


   Skills:
 - Level 2.0 Fighting
 + Level 5.1 Axes
 - Level 1.7 Throwing
 - Level 2.4 Dodging


You had 3 spell levels left.
You didn't know any spells.

Inventory:

Hand Weapons
 a - a +0 war axe (weapon)
 e - a +0 whip
Armour
 c - a +0 helmet (worn)
 i - a +0 ring mail (worn)
Scrolls
 g - a scroll of identify {unknown}
 k - a scroll of blinking {unknown}
Potions
 b - a potion of haste {unknown}
 d - a potion of brilliance {unknown}
 h - 2 potions of curing
 j - a potion of might {unknown}
 l - a potion of degeneration {unknown}
Comestibles
 f - 4 rations

Dungeon Overview and Level Annotations

Branches:
Dungeon (2/15)

Altars:
Dithmenos


Message History

You struggle against the net.
The gnoll hits you but does no damage. The gnoll hits you with a club!
The gnoll sergeant hits you but does no damage.
You struggle against the net.
The gnoll hits you from afar with a spear!
The gnoll hits you with a club.
The gnoll sergeant hits you from afar with an enchanted spear.
You rip the net and break free!
The gnoll closely misses you. The gnoll sergeant closely misses you.
The gnoll barely misses you.
You barely miss the gnoll.
The gnoll is heavily wounded.
The gnoll looks more healthy.
The gnoll closely misses you.
The gnoll sergeant hits you from afar with an enchanted spear!
The gnoll barely misses you.
The gnoll hits you from afar with a spear.
You slash the gnoll!
You kill the gnoll!
The gnoll sergeant hits you from afar with an enchanted spear.
You die...

##.#####.#
#........#######
##..##..........#
##...##.##.#####.#
#.....#.##.# #.#
..........# #.#
#<######.# #.#
#........# #.#
#@######## #.# #)#
#.#


ggg ###.### ..... ##...... $$..... ##..#.### .........####...#..#
+.........+.........# #.........####....### ##...# You could see a gnoll
sergeant and 2 gnolls.

Vanquished Creatures
  Robin (D:2)
  An adder (D:2)
  A gnoll (D:2)
  An ooze (D:2)
  A worm (D:2)
  2 leopard geckos
  4 bats (D:1)
  A giant cockroach (D:1)
  14 goblins
  6 hobgoblins
  5 kobolds
  2 frilled lizards
  6 rats
45 creatures vanquished.

Notes
Turn   | Place    | Note
-------+----------+-------------------------------------------
     0 | D:1      | KleinerIrrer the Naga Gladiator began the quest for the Orb.
     0 | D:1      | Reached XP level 1. HP: 19/19 MP: 1/1
     0 | D:1      | 0 ||| counter = 78
    10 | D:1      | 10 ||| INVOKING Spit Poison.
    19 | D:1      | 19 ||| INVOKING Spit Poison.
    56 | D:1      | 56 ||| INVOKING Spit Poison.
    74 | D:1      | 74 ||| INVOKING Spit Poison.
    91 | D:1      | 91 ||| INVOKING Spit Poison.
    91 | D:1      | Reached XP level 2. HP: 26/26 MP: 2/2
    94 | D:1      | 94 ||| INVOKING Spit Poison.
   131 | D:1      | 131 ||| INVOKING Spit Poison.
   135 | D:1      | 135 ||| INVOKING Spit Poison.
   181 | D:1      | 181 ||| INVOKING Spit Poison.
   196 | D:1      | 196 ||| INVOKING Spit Poison.
   234 | D:1      | 234 ||| INVOKING Spit Poison.
   374 | D:1      | 374 ||| INVOKING Spit Poison.
   375 | D:1      | 375 ||| INVOKING Spit Poison.
   381 | D:1      | Reached skill level 4 in Axes
   492 | D:1      | 492 ||| INVOKING Spit Poison.
   586 | D:1      | 586 ||| UPGRADING to ring mail.
   596 | D:1      | 596 ||| DROPPING +0 leather armour.
   597 | D:1      | 597 ||| DRINKING 2 emerald potions.
   598 | D:1      | 598 ||| DROPPING 3 throwing nets.
   640 | D:2      | 640 ||| INVOKING Spit Poison.
   641 | D:2      | 641 ||| INVOKING Spit Poison.
   642 | D:2      | 642 ||| INVOKING Spit Poison.
   643 | D:2      | Found a shadowy altar of Dithmenos.
   657 | D:2      | 657 ||| INVOKING Spit Poison.
   664 | D:2      | Reached XP level 3. HP: 17/32 MP: 3/3
   947 | D:2      | 947 ||| INVOKING Spit Poison.
   978 | D:2      | 978 ||| INVOKING Spit Poison.
   986 | D:2      | 986 ||| INVOKING Spit Poison.
  1121 | D:2      | Noticed Robin
  1124 | D:2      | 1124 ||| INVOKING Spit Poison.
  1132 | D:2      | Killed Robin
  1132 | D:2      | Reached XP level 4. HP: 34/39 MP: 4/4
  1140 | D:2      | Reached skill level 5 in Axes
  1406 | D:2      | Noticed a gnoll sergeant
  1407 | D:2      | 1407 ||| INVOKING Spit Poison.
  1414 | D:2      | HP: 4/39 [gnoll sergeant/enchanted spear (10)]
  1415 | D:2      | Slain by a gnoll sergeant

Vault maps used:
D:1:      minmay_arrival_three_doors
D:2:      overflow_temple_1_default, minmay_item_behind_shaft, uniq_robin

Skill      XL: |  1  2  3  4 |
---------------+-------------+-----
Axes           | 4 5 |  5.1
Fighting       | |  2.0
Throwing       | |  1.7
Dodging        | |  2.4

Action                   |  1- 3 |  4- 6 || total
-------------------------+-------+-------++-------
Melee: War axe           |    44 |    18 ||    62
 Abil: Spit Poison       |    19 |     1 ||    20
  Use: Potion            |     1 |       ||     1
  Eat: Chunk             |     1 |     1 ||     2
Armor: Leather armour    |     3 |       ||     3
       Ring mail         |     7 |     5 ||    12
Dodge: Dodged            |    16 |    11 ||    27

Table legend:
 A = Spawn XP
 B = Non-spawn XP
 C = Spawn XP percentage of total XP
 D = Spawn monster count
 E = Non-spawn monster count
 F = Spawn count percentage of total count
 G = Total turns spent on level
                    A         B        C        D         E        F      G
               +---------+---------+-------+---------+---------+-------+---------
         Total |       0 |     122 |   0.0 |       0 |      45 |   0.0 |  1415
               +---------+---------+-------+---------+---------+-------+---------
           D:1 |       0 |      32 |   0.0 |       0 |      19 |   0.0 |   621
           D:2 |       0 |      90 |   0.0 |       0 |      26 |   0.0 |   794
               +---------+---------+-------+---------+---------+-------+---------
